[Event "Titled Tuesday Blitz June 13 Early 2023"]
[White "Ajay Karthikeyan"]
[Black "Zaitsev, Alexander"]
[WhiteFideId "35011685"]
[BlackFideId "4164490"]
[WhiteElo "2321"]
[BlackElo "2373"]
[Result "1-0"]
[Round "4"]
[TimeControl "180+2"]
[Date "2023.06.13"]
[WhiteClock "0:01:27"]
[BlackClock "0:00:00"]
[Board "110"]

1. e4 c5 2. Nf3 g6 3. d4 cxd4 4. Nxd4 Bg7 5. c4 Nc6 6. Be3 Qb6 7. Nb5 Qd8 8. Nd4 Nf6 9. Nc3 d6 10. Be2 O-O 11. O-O Bd7 12. f3 Nxd4 13. Bxd4 a5 14. b3 Bc6 15. Rc1 Nd7 16. Bxg7 Kxg7 17. Qd4+ Kg8 18. Nd5 e6 19. Ne3 Qb6 20. Qxb6 Nxb6 21. Rfd1 Rfd8 22. Kf2 Kf8 23. h4 h5 24. a3 Ke7 25. Rd2 Nd7 26. Bd1 Ne5 27. Be2 f6 28. Rcd1 b6 29. Nc2 Rab8 30. Nd4 Be8 31. Ke3 g5 32. g3 Rbc8 33. f4 gxf4+ 34. gxf4 Nc6 35. Nb5 Rd7 36. Nxd6 Rcd8 37. Nxe8 Rxd2 38. Rxd2 Rxe8 39. Rd1 e5 40. fxe5 fxe5 41. Rg1 Nd4 42. Bd1 a4 43. b4 Rc8 44. Kd3 Rd8 45. Kc3 Ne6 46. Bxa4 Nf4 47. Bd1 Rd3+ 48. Kb2 Rd2+ 49. Kb3 Rd3+ 50. Ka4 Rc3 51. Kb5 Rc1 52. Kxb6 Ne6 53. c5 Nd4 54. a4 1-0


[Site "https://www.chess.com"]

[Event "Titled Tuesday Blitz June 13 Early 2023"]
[White "Gonzalez Zamora, Juan Carlos"]
[Black "Ovetchkin, Roman"]
[WhiteFideId "3507548"]
[BlackFideId "4119991"]
[WhiteElo "2522"]
[BlackElo "2398"]
[Result "0-1"]
[Round "4"]
[TimeControl "180+2"]
[Date "2023.06.13"]
[WhiteClock "0:00:19"]
[BlackClock "0:00:30"]
[Board "111"]

1. e4 c6 2. d4 d5 3. exd5 cxd5 4. c4 Nf6 5. Nc3 g6 6. Nf3 Bg7 7. Bg5 O-O 8. Be2 Ne4 9. Be3 Nxc3 10. bxc3 dxc4 11. O-O Qc7 12. Qd2 Nd7 13. Bf4 Qc6 14. Bh6 b6 15. Bxg7 Kxg7 16. Qe3 Bb7 17. Rad1 e6 18. h4 Nf6 19. Qg5 Ne4 20. Qe3 Nd6 21. h5 Qd5 22. h6+ Kg8 23. Qe5 f6 24. Qh2 Ne4 25. Nd2 Nxc3 26. Bxc4 Qd7 27. Rde1 Nd5 28. Nf3 Rac8 29. Bb3 Rfe8 30. Qh4 Kf7 31. Nh2 g5 32. Qh5+ Kg8 33. Ng4 Qf7 34. Qh2 Nf4 35. g3 Nd5 36. Rc1 Nc3 37. Rc2 Be4 38. Rd2 Bf3 39. Qh5 Qxh5 40. Nxf6+ Kf7 41. Nxh5 Bxh5 42. f3 Nd5 43. Re1 Bxf3 44. Rf2 g4 45. Re4 Ke7 46. Bxd5 Rc1+ 47. Rf1 Rxf1+ 48. Kxf1 Bxe4 49. Bxe4 Rd8 50. Bxh7 Rh8 51. Be4 Rxh6 52. Kf2 Rh2+ 53. Bg2 Kd6 0-1


[Site "https://www.chess.com"]

[Event "Titled Tuesday Blitz June 13 Early 2023"]
[White "Kielinkei"]
[Black "Eugene, Floryan"]
[BlackFideId "20694784"]
[WhiteElo "2469"]
[BlackElo "2369"]
[Result "1-0"]
[Round "4"]
[TimeControl "180+2"]
[Date "2023.06.13"]
[WhiteClock "0:00:25"]
[BlackClock "0:00:18"]
[Board "112"]

1. d4 f5 2. g3 Nf6 3. Bg2 g6 4. Nh3 Bg7 5. Nf4 O-O 6. h4 d6 7. d5 c6 8. h5 Qe8 9. hxg6 hxg6 10. Nc3 Qf7 11. Be3 cxd5 12. Ncxd5 e5 13. Nxf6+ Qxf6 14. Bd5+ Rf7 15. Bxf7+ Qxf7 16. Nh3 d5 17. Ng5 Qd7 18. c3 Nc6 19. Qd2 d4 20. cxd4 Qd5 21. O-O-O exd4 22. Kb1 a5 23. Bf4 Nb4 24. b3 Bd7 25. Rh7 Rc8 26. Rxg7+ Kxg7 27. Qxd4+ Qxd4 28. Rxd4 Bc6 29. Be5+ Kg8 30. Rh4 Be4+ 31. Nxe4 Kf7 32. Nd6+ Ke6 33. Nxc8 Kxe5 34. Ne7 g5 35. Rh8 f4 36. gxf4+ gxf4 37. a3 Na6 38. Rh5+ Kd4 39. Rxa5 Nc7 40. Nf5+ Ke4 41. Nd6+ Kd4 42. Nxb7 f3 43. exf3 Kc3 44. Rc5+ Kxb3 45. Rxc7 Ka4 46. f4 Kb3 47. f5 1-0


[Site "https://www.chess.com"]

[Event "Titled Tuesday Blitz June 13 Early 2023"]
[White "Kumsiashvili, Nikoloz"]
[Black "Baches Garcia, Guillermo"]
[WhiteFideId "13600621"]
[BlackFideId "2209764"]
[WhiteElo "2299"]
[BlackElo "2468"]
[Result "1/2-1/2"]
[Round "4"]
[TimeControl "180+2"]
[Date "2023.06.13"]
[WhiteClock "0:00:12"]
[BlackClock "0:00:23"]
[Board "113"]

1. c4 e6 2. Nc3 d5 3. d4 h6 4. Nf3 Nf6 5. cxd5 exd5 6. Bf4 Bd6 7. Bg3 Bxg3 8. hxg3 O-O 9. Qc2 c6 10. e3 Qe7 11. Bd3 Ne8 12. O-O-O Nd6 13. Ne5 Nd7 14. f4 Nxe5 15. dxe5 Nc4 16. Bxc4 dxc4 17. Ne4 Be6 18. Nd6 b5 19. Rh4 f6 20. Qg6 fxe5 21. Rxh6 Rf6 22. Qh7+ Kf8 23. Rxf6+ Qxf6 24. Ne4 Qf5 25. Qh8+ Bg8 26. Ng5 exf4 27. gxf4 Re8 28. g4 Qc5 29. Nh7+ Kf7 30. Ng5+ Kf8 31. Nh7+ Kf7 32. Rd7+ Re7 33. Rxe7+ Qxe7 34. Ng5+ Kf8 35. Qh5 Qxe3+ 36. Kc2 Qd3+ 37. Kc1 Qe3+ 38. Kc2 Qd3+ 39. Kc1 Qe3+ 1/2-1/2


[Site "https://www.chess.com"]

[Event "Titled Tuesday Blitz June 13 Early 2023"]
[White "Wadsworth, Matthew J"]
[Black "LangesNasenhaar"]
[WhiteFideId "415804"]
[WhiteElo "2347"]
[BlackElo "2464"]
[Result "1-0"]
[Round "4"]
[TimeControl "180+2"]
[Date "2023.06.13"]
[WhiteClock "0:00:16"]
[BlackClock "0:00:00"]
[Board "114"]

1. Nf3 g6 2. g3 Bg7 3. Bg2 d6 4. O-O Bd7 5. c4 Qc8 6. Re1 e5 7. d3 Bh3 8. Bh1 Nc6 9. Nc3 h5 10. Nd5 h4 11. e4 hxg3 12. fxg3 Bg4 13. Be3 Nf6 14. Rf1 Nd4 15. Bxd4 exd4 16. Qd2 c6 17. Nxf6+ Bxf6 18. Ng5 Bxg5 19. Qxg5 Bh3 20. Qf6 Rh7 21. Qxd6 Bxf1 22. Rxf1 Qe6 23. Qxe6+ fxe6 24. Rf6 e5 25. Rxg6 Kf7 26. Rg5 Kf6 27. Rf5+ Ke6 28. Bf3 Rf7 29. g4 Rh8 30. Bg2 Rxf5 31. exf5+ Kf6 32. h3 Kg5 33. Kf2 Kf4 34. b4 Rg8 35. a4 Rg7 36. b5 cxb5 37. cxb5 b6 38. Bd5 Rc7 39. f6 Rc2+ 40. Kf1 Kg5 41. f7 Rc8 42. Kg2 Rf8 43. Kg3 Rc8 44. h4+ Kf6 45. g5+ Kg7 46. Kg4 Rc3 47. h5 Rxd3 48. h6+ Kf8 49. h7 Rg3+ 50. Kxg3 1-0


[Site "https://www.chess.com"]

[Event "Titled Tuesday Blitz June 13 Early 2023"]
[White "Lima, Kleyton Alcantara"]
[Black "Ingebretsen, Jens E"]
[WhiteFideId "22718397"]
[BlackFideId "1522965"]
[WhiteElo "2009"]
[BlackElo "2213"]
[Result "0-1"]
[Round "4"]
[TimeControl "180+2"]
[Date "2023.06.13"]
[WhiteClock "0:00:04"]
[BlackClock "0:00:38"]
[Board "115"]

1. e4 b6 2. d4 Ba6 3. Bxa6 Nxa6 4. Nf3 c6 5. Nc3 g6 6. O-O Bg7 7. Bf4 Nf6 8. Qd2 O-O 9. e5 Nd5 10. Nxd5 cxd5 11. c3 Nc7 12. Rfe1 Ne6 13. Bh6 Rc8 14. a4 Qc7 15. Bxg7 Kxg7 16. Ng5 Nxg5 17. Qxg5 e6 18. h4 Qd8 19. Qg3 h5 20. Qf4 f6 21. exf6+ Rxf6 22. Qe5 d6 23. Qe3 Qd7 24. g3 Rcf8 25. Re2 Rf3 26. Qd2 Qf7 27. Rae1 Qf5 28. Rxe6 Rxf2 29. Re7+ Kg8 30. R7e2 Rf3 31. Kg2 Qg4 32. Kg1 Rxg3+ 33. Rg2 Qxh4 34. Qe2 Rxg2+ 35. Kxg2 Qg5+ 36. Kh1 Qf6 37. Qe6+ Kg7 38. Qd7+ Rf7 39. Qh3 Qf3+ 40. Qxf3 Rxf3 41. Kg2 Rf7 42. Re6 Rd7 43. Kg3 Kf7 44. Re1 Rc7 45. Ra1 Rc4 46. a5 b5 47. a6 b4 48. Ra5 bxc3 49. bxc3 Rxc3+ 50. Kf4 Rc6 51. Rxd5 Rxa6 52. Kg5 Rb6 53. Ra5 a6 54. Ra4 Rb5+ 55. Kf4 a5 56. Ra3 g5+ 57. Kg3 Kf6 58. Re3 Rd5 59. Ra3 h4+ 60. Kg4 Rxd4+ 61. Kh3 a4 62. Kh2 Kf5 63. Kh3 d5 64. Rf3+ Rf4 65. Ra3 Rb4 66. Kg2 g4 67. Ra2 Kf4 68. Rf2+ Kg5 69. Rc2 h3+ 70. Kh2 a3 71. Rc3 Ra4 72. Rd3 a2 73. Rxd5+ Kf4 74. Rd8 a1=B 75. Rf8+ Kg5 76. Rg8+ Kf5 77. Rf8+ Kg6 78. Rc8 Be5+ 79. Kg1 g3 80. Rc6+ Kf5 81. Rc1 g2 82. Rd1 Bd4+ 83. Kh2 g1=Q+ 84. Kxh3 Ra3+ 0-1


[Site "https://www.chess.com"]

[Event "Titled Tuesday Blitz June 13 Early 2023"]
[White "Bueno, Alfeu Junior Varela"]
[Black "Ibadov, Dashgyn"]
[WhiteFideId "2108879"]
[BlackFideId "24107514"]
[WhiteElo "2175"]
[BlackElo "2208"]
[Result "1/2-1/2"]
[Round "4"]
[TimeControl "180+2"]
[Date "2023.06.13"]
[WhiteClock "0:00:06"]
[BlackClock "0:00:05"]
[Board "116"]

1. e4 e6 2. d4 d5 3. Nd2 c5 4. exd5 Qxd5 5. Ngf3 cxd4 6. Bc4 Qd6 7. O-O Nf6 8. Nb3 Nc6 9. Nbxd4 Nxd4 10. Qxd4 Qxd4 11. Nxd4 Bd7 12. Bg5 Rc8 13. Bb3 Bc5 14. Rad1 h6 15. Bh4 g5 16. Bg3 Ne4 17. Rfe1 Nxg3 18. hxg3 Be7 19. Re2 Rc7 20. Red2 Bf6 21. c3 Ke7 22. Re1 Kf8 23. Red1 Ke7 24. Re1 Bxd4 25. Rxd4 Bc6 26. Red1 Rd7 27. g4 Rxd4 28. Rxd4 h5 29. gxh5 Rxh5 30. f3 f5 31. Rd2 Rh6 32. Re2 Kd6 33. Kf2 f4 34. Rd2+ Ke7 35. Re2 Rg6 36. Bc2 Rg7 37. Be4 Bxe4 38. Rxe4 Kd6 39. Ra4 a6 40. Ra5 e5 41. Ke2 g4 42. Kd3 gxf3 43. gxf3 Rg2 44. Ke4 Re2+ 45. Kf5 e4 46. Kxf4 exf3 47. Kxf3 Rxb2 48. Ra3 Kc5 49. Rb3 Rxb3 50. axb3 b5 51. Ke3 a5 52. Kd3 a4 53. bxa4 bxa4 54. Kc2 Kc4 55. Kb2 a3+ 56. Kxa3 Kxc3 1/2-1/2


[Site "https://www.chess.com"]

[Event "Titled Tuesday Blitz June 13 Early 2023"]
[White "Jimenez Garcia, Emmanuel"]
[Black "Pastar, Slaven"]
[WhiteFideId "6504779"]
[BlackFideId "14402718"]
[WhiteElo "2440"]
[BlackElo "2219"]
[Result "0-1"]
[Round "4"]
[TimeControl "180+2"]
[Date "2023.06.13"]
[WhiteClock "0:00:42"]
[BlackClock "0:00:55"]
[Board "117"]

1. Nf3 Nf6 2. c4 c5 3. b3 b6 4. Bb2 Bb7 5. g3 g6 6. Bxf6 Bxf3 7. Bxh8 Bxh1 8. Bb2 Bb7 9. d4 cxd4 10. Bxd4 Nc6 11. Bc3 e6 12. Bg2 Qc7 13. Kf1 h5 14. Kg1 h4 15. e3 O-O-O 16. Qg4 hxg3 17. hxg3 f5 18. Qxg6 Ne5 19. Qh5 Bg7 20. f4 Bxg2 21. Kxg2 Qc6+ 22. Kf1 Rh8 23. Qxh8+ Bxh8 24. fxe5 Qf3+ 25. Ke1 Qxe3+ 26. Kd1 Bxe5 27. Kc2 Qe2+ 28. Nd2 Bxc3 29. Kxc3 Qe5+ 30. Kc2 Qxa1 0-1


[Site "https://www.chess.com"]

[Event "Titled Tuesday Blitz June 13 Early 2023"]
[White "krucki03"]
[Black "Girya, Olga"]
[BlackFideId "4195752"]
[WhiteElo "2454"]
[BlackElo "2263"]
[Result "1-0"]
[Round "4"]
[TimeControl "180+2"]
[Date "2023.06.13"]
[WhiteClock "0:00:04"]
[BlackClock "0:00:03"]
[Board "118"]

1. e4 e5 2. Nf3 Nc6 3. Nc3 Nf6 4. a3 d5 5. Bb5 Nxe4 6. Qe2 Nxc3 7. Qxe5+ Qe7 8. dxc3 Bd7 9. Qxe7+ Bxe7 10. Bf4 O-O-O 11. h3 Rhe8 12. O-O-O a6 13. Bxc6 Bxc6 14. Ne5 Bd6 15. Rhe1 f6 16. Nd3 Bf8 17. Nb4 Rxe1 18. Rxe1 Bb5 19. Rd1 c6 20. Nd3 a5 21. Be3 a4 22. Re1 Bxd3 23. cxd3 Re8 24. Kd2 Kd7 25. f3 h5 26. g4 hxg4 27. hxg4 Bd6 28. Rh1 b5 29. Rh7 Re7 30. g5 fxg5 31. Bxg5 Rf7 32. f4 Ke6 33. Ke3 Bc5+ 34. d4 Bd6 35. Rh8 Kf5 36. Kf3 Be7 37. Bxe7 Rxe7 38. Rh5+ Kg6 39. Re5 Kf6 40. Kg4 Re6 41. Rf5+ Kg6 42. Re5 Rd6 43. Rg5+ Kf7 44. Rf5+ Rf6 45. Re5 Rg6+ 46. Rg5 Rh6 47. Rh5 Rg6+ 48. Rg5 Rh6 49. Rh5 Rxh5 50. Kxh5 Kf6 51. Kg4 Kg6 52. f5+ Kf6 53. Kf4 Kf7 54. Kg5 Ke7 55. Kg6 Kf8 56. f6 Kg8 57. fxg7 c5 58. dxc5 d4 59. c6 d3 60. c7 d2 61. c8=Q# 1-0


[Site "https://www.chess.com"]

[Event "Titled Tuesday Blitz June 13 Early 2023"]
[White "Thecourseoisildur"]
[Black "The_Sherman_Variation"]
[WhiteElo "2584"]
[BlackElo "2447"]
[Result "1-0"]
[Round "4"]
[TimeControl "180+2"]
[Date "2023.06.13"]
[WhiteClock "0:02:27"]
[BlackClock "0:01:34"]
[Board "119"]

1. e4 c6 2. d4 d5 3. e5 Bf5 4. h4 h5 5. Bd3 Bxd3 6. Qxd3 Nd7 7. e6 Ndf6 8. exf7+ Kxf7 9. Nf3 Ne4 10. Ne5+ Ke6 11. Qh3+ Kf6 12. Bg5+ Nxg5 13. hxg5+ Kxg5 14. Qg3+ Kf5 15. Qg6+ 1-0


[Site "https://www.chess.com"]

[Event "Titled Tuesday Blitz June 13 Early 2023"]
[White "Grossboss19"]
[Black "Spata, German"]
[BlackFideId "113026"]
[WhiteElo "2427"]
[BlackElo "2260"]
[Result "0-1"]
[Round "4"]
[TimeControl "180+2"]
[Date "2023.06.13"]
[WhiteClock "0:00:00"]
[BlackClock "0:00:01"]
[Board "120"]

1. d4 g6 2. e4 Bg7 3. Nf3 d6 4. c3 a6 5. Bd3 Nf6 6. O-O O-O 7. h3 c5 8. dxc5 d5 9. exd5 Qxd5 10. b4 Nc6 11. Bc2 Rd8 12. Bb3 Qxd1 13. Rxd1 Rxd1+ 14. Bxd1 Ne4 15. Bb2 Nxb4 16. Nbd2 Nxd2 17. Nxd2 Nd3 18. Rb1 Nxb2 19. Rxb2 Bxc3 20. Rc2 Bxd2 21. Rxd2 Be6 22. Bf3 Rc8 23. Rc2 Rc7 24. Be4 Bf5 25. Bxf5 gxf5 26. Kf1 Rc6 27. Rb2 Rxc5 28. Rxb7 e6 29. Rb2 Re5 30. Rb3 Kg7 31. Ra3 a5 32. g3 Kf6 33. f4 Rb5 34. Ke2 h5 35. Kf3 Ke7 36. Rd3 a4 37. Rd4 Ra5 38. a3 Kf6 39. Rb4 Kg6 40. Ke3 Ra7 41. Kd4 h4 42. gxh4 Kh5 43. Ke5 Kxh4 44. Rb8 Kxh3 45. Rg8 Rd7 46. Kf6 Kh4 47. Ra8 Kg4 48. Rxa4 Rb7 49. Rc4 Ra7 50. a4 Rb7 51. Rd4 Ra7 52. Rc4 Kf3 53. Ke5 Ke3 54. Rc3+ Kd2 55. Ra3 Ra5+ 56. Kf6 Ra7 57. a5 Kc2 58. a6 Kb2 59. Ra5 Kb3 60. Ra1 Kc4 61. Ke5 Kb5 62. Kf6 Kc5 63. Ke5 Kb5 64. Kf6 Kb4 65. Rb1+ Kc5 66. Ra1 Kd5 67. Ra4 Kd6 68. Rd4+ Kc6 69. Ra4 Kb5 70. Ra2 Kb4 71. Ra1 Kb3 72. Ra5 Kc3 73. Ra1 Kd3 74. Ra3+ Ke2 75. Ke5 Kf2 76. Kf6 Kg2 77. Ke5 Kf2 78. Kf6 Ke2 79. Ke5 Kd2 80. Kf6 Kc2 81. Ra5 Kc3 82. Kg7 Kb4 83. Ra1 Kc4 84. Kf6 Kd5 85. Ra5+ Kd6 86. Ra4 Kc6 87. Ra1 Kb6 88. Rb1+ Kc5 89. Ra1 Kc6 90. Ra2 Kd5 91. Ra5+ Ke4 92. Ra4+ Ke3 93. Ke5 Kf3 94. Kf6 Kg4 95. Ke5 Kh5 96. Kf6 Kh6 97. Ra1 Kh7 98. Ra2 Kg8 99. Ke5 Kg7 100. Kd6 Kf6 101. Kc6 e5 102. fxe5+ Kxe5 103. Kb6 Ra8 104. Kb7 Re8 105. a7 Kd4 106. Kc6 f4 0-1


[Site "https://www.chess.com"]

[Event "Titled Tuesday Blitz June 13 Early 2023"]
[White "KorolDimitriy75"]
[Black "Skliarov, Viktor"]
[BlackFideId "14106736"]
[WhiteElo "2421"]
[BlackElo "2317"]
[Result "0-1"]
[Round "4"]
[TimeControl "180+2"]
[Date "2023.06.13"]
[WhiteClock "0:00:00"]
[BlackClock "0:01:41"]
[Board "121"]

1. d4 Nf6 2. c4 e6 3. Nc3 Bb4 4. Qc2 c5 5. dxc5 Na6 6. Nf3 Nxc5 7. Bd2 O-O 8. e3 b6 9. Be2 Bb7 10. O-O Rc8 11. Rfd1 Qe7 12. Rac1 Bxc3 13. Bxc3 d5 14. cxd5 Nxd5 15. Qb1 Nxc3 16. Rxc3 Ne4 17. Rxc8 Rxc8 18. Qd3 h6 19. h3 Bd5 20. a3 Qf6 21. Qa6 Rc2 22. Rf1 Qxb2 23. Bd3 Rxf2 24. Bxe4 Rxg2+ 25. Kh1 Bxe4 0-1


[Site "https://www.chess.com"]

[Event "Titled Tuesday Blitz June 13 Early 2023"]
[White "Petrova, Irina"]
[Black "Czerw, Dawid"]
[WhiteFideId "14124122"]
[BlackFideId "1145746"]
[WhiteElo "2084"]
[BlackElo "2144"]
[Result "0-1"]
[Round "4"]
[TimeControl "180+2"]
[Date "2023.06.13"]
[WhiteClock "0:00:06"]
[BlackClock "0:00:18"]
[Board "122"]

1. e4 c5 2. Nf3 Nc6 3. Bb5 e6 4. Bxc6 bxc6 5. O-O Ne7 6. d4 cxd4 7. Qxd4 Qb6 8. Qa4 Ng6 9. Be3 Qxb2 10. Nbd2 Qb4 11. Qb3 Be7 12. Qd3 O-O 13. e5 Qa5 14. Rfe1 Nxe5 15. Nxe5 Qxe5 16. Bxa7 Qc7 17. Bd4 d5 18. Nf3 f6 19. Bc3 e5 20. Nh4 e4 21. Qd4 g5 22. Nf3 exf3 23. h4 Bd6 24. hxg5 Be5 25. Qd2 Bxc3 26. Qxc3 Qg7 27. Qxc6 Qxg5 28. g3 Bg4 29. Re7 Qh5 30. Qb7 Qh3 31. Rg7+ Kh8 32. Rxh7+ Qxh7 33. Qxd5 Qh3 0-1


[Site "https://www.chess.com"]

[Event "Titled Tuesday Blitz June 13 Early 2023"]
[White "Rosenberg, Evan S"]
[Black "Gontcharov, Vladislav"]
[WhiteFideId "2019299"]
[BlackFideId "4123492"]
[WhiteElo "2368"]
[BlackElo "2420"]
[Result "0-1"]
[Round "4"]
[TimeControl "180+2"]
[Date "2023.06.13"]
[WhiteClock "0:00:14"]
[BlackClock "0:01:09"]
[Board "123"]

1. d4 Nf6 2. Bg5 e6 3. e4 d5 4. Nd2 h6 5. Bxf6 Qxf6 6. c3 Qd8 7. Bd3 c5 8. e5 Nc6 9. Ngf3 cxd4 10. cxd4 Qb6 11. O-O Bd7 12. Nb3 Be7 13. Rc1 Rc8 14. Re1 Na5 15. Rxc8+ Bxc8 16. Nxa5 Qxa5 17. a3 Bd7 18. Qd2 Qxd2 19. Nxd2 O-O 20. f4 Rc8 21. Kf2 Kf8 22. Ke3 Bd8 23. Nb3 Bb6 24. Rc1 Rxc1 25. Nxc1 f6 26. b4 fxe5 27. fxe5 Bd8 28. Nb3 b6 29. g3 Ba4 30. Nd2 Bg5+ 31. Ke2 Be8 32. h4 Bh5+ 33. Ke1 Be3 34. Nb3 Ke7 35. Be2 Bg6 36. Bd1 Bd3 37. g4 g5 38. hxg5 hxg5 39. a4 Kd7 40. a5 Kc7 41. axb6+ axb6 42. Be2 Bc2 43. Na1 Ba4 44. Bd1 Bxd1 45. Kxd1 Bxd4 46. Nb3 Bxe5 47. Kc2 Kc6 48. Nd2 Bf4 49. Nf3 e5 50. Kc3 Kd6 0-1


[Site "https://www.chess.com"]

[Event "Titled Tuesday Blitz June 13 Early 2023"]
[White "Aloma Vidal, Robert"]
[Black "Bashirli, Saadat"]
[WhiteFideId "2260409"]
[BlackFideId "13429990"]
[WhiteElo "2435"]
[BlackElo "1408"]
[Result "1-0"]
[Round "4"]
[TimeControl "180+2"]
[Date "2023.06.13"]
[WhiteClock "0:00:14"]
[BlackClock "0:00:00"]
[Board "124"]

1. e4 c5 2. c3 Nf6 3. e5 Nd5 4. Nf3 g6 5. Bc4 Nb6 6. Bb3 c4 7. Bc2 Bg7 8. a4 a5 9. O-O Nc6 10. Re1 O-O 11. d4 cxd3 12. Qxd3 d6 13. exd6 exd6 14. Bg5 Qc7 15. Na3 Bf5 16. Qd2 Bxc2 17. Qxc2 Rac8 18. Nb5 Qb8 19. Rad1 d5 20. Bh4 Rfe8 21. Bg3 Ne5 22. Nfd4 Rcd8 23. Re2 Qc8 24. Rde1 Nc6 25. Nb3 Rxe2 26. Qxe2 Nxa4 27. Ra1 Nb6 28. Nxa5 Re8 29. Qf1 Nxa5 30. Nd6 Qd7 31. Nxe8 Nb3 32. Re1 Bh8 33. Qd3 Nc5 34. Qf3 Ne4 35. Nc7 Ng5 36. Qd3 Bf6 37. Qb5 Qf5 38. Ne8 Nd7 39. Qxd7 1-0


[Site "https://www.chess.com"]

[Event "Titled Tuesday Blitz June 13 Early 2023"]
[White "Rian, Kapriaga"]
[Black "Orujov2008"]
[WhiteFideId "7103263"]
[WhiteElo "2345"]
[BlackElo "2529"]
[Result "1-0"]
[Round "4"]
[TimeControl "180+2"]
[Date "2023.06.13"]
[WhiteClock "0:00:37"]
[BlackClock "0:00:13"]
[Board "125"]

1. d4 Nf6 2. c4 e6 3. g3 d5 4. Nf3 Be7 5. Bg2 O-O 6. O-O dxc4 7. Qc2 a6 8. Qxc4 Nc6 9. a4 Na5 10. Qc2 b6 11. Ne5 Bb7 12. Rd1 Bxg2 13. Kxg2 Qd5+ 14. f3 c5 15. Nc3 Qb7 16. Be3 cxd4 17. Bxd4 Nc6 18. Nxc6 Qxc6 19. Rac1 Rac8 20. Qb3 Bc5 21. Bxf6 gxf6 22. Ne4 f5 23. Nf6+ Kg7 24. Qc3 Kg6 25. b4 Qxa4 26. bxc5 Rxc5 27. Qb2 Rxc1 28. Rxc1 Rd8 29. g4 fxg4 30. Nxg4 b5 31. Qf6+ 1-0


[Site "https://www.chess.com"]

[Event "Titled Tuesday Blitz June 13 Early 2023"]
[White "feuervogel1000000"]
[Black "Tuleyeva-Aketayeva, Dana"]
[BlackFideId "13701932"]
[WhiteElo "2510"]
[BlackElo "2030"]
[Result "1-0"]
[Round "4"]
[TimeControl "180+2"]
[Date "2023.06.13"]
[WhiteClock "0:00:26"]
[BlackClock "0:00:00"]
[Board "126"]

1. d4 Nf6 2. c4 e6 3. Nc3 Bb4 4. e3 d5 5. Bd3 O-O 6. a3 Bxc3+ 7. bxc3 c5 8. cxd5 Nxd5 9. Ne2 cxd4 10. cxd4 Nc6 11. e4 Nf6 12. Bb2 b6 13. O-O Bb7 14. f3 Rc8 15. Rc1 a6 16. Bb1 b5 17. d5 exd5 18. e5 Nd7 19. Qd3 g6 20. f4 Qb6+ 21. Kh1 Nc5 22. Qh3 Ne4 23. Rxc6 Nf2+ 24. Rxf2 Qxf2 25. Bxg6 hxg6 26. Rxg6+ fxg6 27. e6 Rc1+ 28. Bxc1 Qe1+ 29. Ng1 Qxc1 30. e7 Re8 31. Qe6+ Kg7 32. f5 Qg5 33. Qe5+ Qf6 34. Qc7 Qxe7 35. Qc3+ Qe5 36. Qd2 Qxf5 37. Qd4+ Qf6 38. Qd2 d4 39. h3 Qe5 40. Qc1 Qe3 41. Qc7+ Re7 42. Qc5 d3 43. Qc3+ Kf7 44. Qb3+ Kg7 45. Qc3+ Kh7 46. Qh8+ Kxh8 47. Kh2 1-0


[Site "https://www.chess.com"]

[Event "Titled Tuesday Blitz June 13 Early 2023"]
[White "Ciuffoletti, Paolo"]
[Black "Yelisieiev, Yevhenii"]
[WhiteFideId "807630"]
[BlackFideId "14139642"]
[WhiteElo "2143"]
[BlackElo "2403"]
[Result "0-1"]
[Round "4"]
[TimeControl "180+2"]
[Date "2023.06.13"]
[WhiteClock "0:00:00"]
[BlackClock "0:00:08"]
[Board "127"]

1. e4 d6 2. d4 Nf6 3. Nc3 e5 4. dxe5 dxe5 5. Qxd8+ Kxd8 6. Bg5 c6 7. O-O-O+ Ke8 8. Nf3 Nbd7 9. Bxf6 gxf6 10. Nh4 Nc5 11. f3 b5 12. Nf5 Bxf5 13. exf5 a5 14. Be2 h5 15. Kb1 Rd8 16. Rxd8+ Kxd8 17. Rd1+ Kc7 18. Ne4 Be7 19. a3 h4 20. h3 Rg8 21. Bf1 Nd7 22. Nf2 Nb6 23. Ng4 Rg5 24. Bd3 b4 25. axb4 axb4 26. Be4 Nc4 27. b3 Nd6 28. Kb2 Nb5 29. Ra1 Rg8 30. Ra6 Nd4 31. Ra7+ Kd6 32. Bd3 Rg5 33. Bc4 Nxf5 34. Bxf7 Nd4 35. Bc4 f5 36. Nh6 Rxg2 37. Nf7+ Kc5 38. Rxe7 Rxc2+ 39. Kb1 Rh2 40. Rxe5+ Kb6 41. Re8 Rxh3 42. Ne5 Rh1+ 43. Kb2 h3 44. Nd7+ Kc7 0-1


[Site "https://www.chess.com"]

[Event "Titled Tuesday Blitz June 13 Early 2023"]
[White "Aditya Mittal"]
[Black "Ansh M Shah"]
[WhiteFideId "35042025"]
[BlackFideId "25033379"]
[WhiteElo "2421"]
[BlackElo "2084"]
[Result "1-0"]
[Round "4"]
[TimeControl "180+2"]
[Date "2023.06.13"]
[WhiteClock "0:01:52"]
[BlackClock "0:00:08"]
[Board "128"]

1. d4 c6 2. c4 d5 3. Nc3 Nf6 4. cxd5 cxd5 5. f3 Bf5 6. Bg5 e6 7. e4 dxe4 8. fxe4 Bxe4 9. Nxe4 Bb4+ 10. Nc3 Qa5 11. Bxf6 Bxc3+ 12. bxc3 Qxc3+ 13. Kf2 Qb2+ 14. Be2 gxf6 15. Nf3 Nc6 16. Qb1 Qxb1 17. Raxb1 O-O-O 18. Rhc1 Rd5 19. Ba6 bxa6 20. Rxc6+ Kd7 21. Rxa6 Rc8 22. Rxa7+ Kd6 23. Rb6+ Rc6 24. Rxc6+ Kxc6 25. Rxf7 f5 26. Rxh7 Ra5 27. h4 Rxa2+ 28. Kg3 f4+ 29. Kh3 Kd5 30. Rh5+ Ke4 31. Re5+ Kd3 32. Rxe6 Ra1 33. h5 Rh1+ 34. Kg4 1-0


[Site "https://www.chess.com"]

[Event "Titled Tuesday Blitz June 13 Early 2023"]
[White "Chandreyee, Hajra"]
[Black "Bryakin, Mikhail"]
[WhiteFideId "5056535"]
[BlackFideId "4165314"]
[WhiteElo "1725"]
[BlackElo "2464"]
[Result "0-1"]
[Round "4"]
[TimeControl "180+2"]
[Date "2023.06.13"]
[WhiteClock "0:00:37"]
[BlackClock "0:01:22"]
[Board "129"]

1. e4 d5 2. exd5 Qxd5 3. Nc3 Qe5+ 4. Be2 Bg4 5. d4 Bxe2 6. Ngxe2 Qa5 7. O-O Nf6 8. Bf4 Nc6 9. Qd3 O-O-O 10. a3 Qh5 11. Qg3 Rd7 12. b4 Qg6 13. Rfd1 Qxg3 14. hxg3 e6 15. b5 Na5 16. Na4 b6 17. Nb2 Bd6 18. c4 Bxf4 19. Nxf4 Rhd8 20. Ne2 Nb3 21. Rab1 Nxd4 22. Nxd4 Rxd4 23. Kf1 Ne4 24. Rxd4 Rxd4 25. Rd1 Rxd1+ 26. Nxd1 Nd2+ 27. Ke2 Nxc4 28. a4 c5 29. bxc6 Kc7 30. Kd3 Nd6 31. Ne3 Kxc6 32. Kd4 f6 33. g4 e5+ 34. Kc3 Kc5 35. f3 g6 36. Nc2 a5 37. Ne1 b5 38. Nd3+ Kd5 39. Kb3 Kd4 40. Nf2 b4 41. Nh3 f5 42. gxf5 gxf5 43. Ng5 h5 44. Ne6+ Ke3 45. Nc5 e4 46. fxe4 fxe4 47. Ne6 Kd2 48. Nf4 e3 0-1


[Site "https://www.chess.com"]

[Event "Titled Tuesday Blitz June 13 Early 2023"]
[White "Hayrapetyan, Hovik"]
[Black "Gomez Barrera, Javiera Belen"]
[WhiteFideId "13302639"]
[BlackFideId "3418723"]
[WhiteElo "2348"]
[BlackElo "2119"]
[Result "1-0"]
[Round "4"]
[TimeControl "180+2"]
[Date "2023.06.13"]
[WhiteClock "0:00:46"]
[BlackClock "0:00:01"]
[Board "130"]

1. d4 Nf6 2. c4 e6 3. Nc3 d5 4. Nf3 c6 5. e3 Be7 6. Bd3 O-O 7. O-O Nbd7 8. e4 dxe4 9. Nxe4 Nxe4 10. Bxe4 Nf6 11. Bc2 c5 12. Qd3 cxd4 13. Bg5 g6 14. Rad1 e5 15. Nxe5 Bf5 16. Qb3 Bxc2 17. Qxc2 Qa5 18. Bxf6 Bxf6 19. Nd7 Bg7 20. Nxf8 Rxf8 21. a3 Re8 22. Qd2 Qc5 23. Qd3 Rc8 24. Rc1 Qb6 25. b4 a5 26. c5 Qa7 27. Qc4 axb4 28. axb4 Bf6 29. Rfe1 Qa3 30. Qb5 d3 31. Rcd1 Rd8 32. Qxb7 d2 33. Rf1 Be5 34. c6 Rb8 35. c7 1-0


[Site "https://www.chess.com"]